 Dungeon Crawl Stone Soup version 0.29.1-2-gbd0b4ee654 (webtiles) character file.

Game seed: 8515840830558306163

19136 GorkyZ the Fighter (level 12, -4/95 HPs)
             Began as a Demonspawn Fighter on Nov 20, 2022.
             Was an Initiate of Gozag.
             Killed from afar by an ice statue (19 damage)
             ... with a freezing blast
             ... in an ice cave.
             The game lasted 01:06:12 (15183 turns).

GorkyZ the Fighter (Demonspawn Fighter)            Turns: 15183, Time: 01:06:13

Health: -4/95      AC: 25    Str: 25    XL:     12   Next: 33%
Magic:  0/12       EV:  4    Int: 10    God:    Gozag
Gold:   1033       SH: 15    Dex: 13    Spells: 11/11 levels left

rFire   . . .      SeeInvis +   v - +7 hand axe "Beetlebane" {chaos, Str+4 SInv}
rCold   . . .      Faith    .   f - +0 tower shield
rNeg    . . .      Spirit   +   D - +1 plate armour
rPois   .          Reflect  .   A - +0 helmet
rElec   .          Harm     .   W - +2 cloak {rCorr}
rCorr   +          Rampage  .   l - +0 pair of gloves
Will    .....                   s - +0 pair of boots
Stlth   ..........              F - amulet of guardian spirit
HPRegen 0.25/turn               (no ring)
MPRegen 0.13/turn               (no ring)

@: silenced
A: slimy green scales 2, ignite blood 3
a: Renounce Religion


You were in an ice cave.
You worshipped Gozag.
Gozag was most pleased with you.
You visited 2 branches of the dungeon, and saw 13 of its levels.
You also visited: Ossuary and Ice Cave.

You collected 2456 gold pieces.
You spent 168 gold pieces at shops.
You paid 1255 gold pieces to Gozag.

Inventory:

Hand Weapons
 a - a +0 trident
 e - a +3 halberd
 q - a +0 whip of venom
 v - the +7 hand axe "Beetlebane" (weapon) {chaos, Str+4 SInv}
   (You took it off a kobold on level 3 of the Dungeon)

   Each time it hits an enemy it has a different, random effect.
   Str:       It affects your strength (+4).
   SInv:      It lets you see invisible.
 y - a +3 spear
 K - a +0 spear
 N - a +2 spear of flaming
 T - a +0 hand axe of freezing
 U - a +0 trident
Missiles
 r - 32 poisoned darts
 C - 8 boomerangs
 S - 2 throwing nets
Armour
 b - a +0 scale mail
 c - a +0 buckler
 f - a +0 tower shield (worn)
 l - a +0 pair of gloves (worn)
 s - a +0 pair of boots (worn)
 A - a +0 helmet (worn)
 B - a +0 cloak
 D - a +1 plate armour (worn)
 Q - an orb of mayhem
 W - a +2 cloak of preservation (worn)
Jewellery
 F - an amulet of guardian spirit (around neck)
 X - a ring of ice
Wands
 w - a wand of polymorph (10)
 E - a wand of mindburst (20)
 L - a wand of light (5)
 V - a wand of roots (7)
Scrolls
 h - 4 scrolls of butterflies
 i - a scroll of noise
 j - a scroll of enchant weapon
 n - 2 scrolls of immolation
 p - 8 scrolls of teleportation
 x - 2 scrolls of poison
 J - 2 scrolls of magic mapping
Potions
 d - 4 potions of might
 k - 2 potions of mutation
 o - 5 potions of degeneration
 u - 4 potions of flight
 G - a potion of berserk rage
 H - a potion of attraction
 O - a potion of brilliance
 P - 2 potions of invisibility
Miscellaneous
 z - a piece from Xom's chessboard (15/15)


   Skills:
 + Level 9.0 Fighting
 + Level 7.5(7.7) Axes
 - Level 1.2(4.8) Maces & Flails
 - Level 2.1(5.2) Polearms
 + Level 7.8 Throwing
 + Level 8.3 Armour
 + Level 8.2 Shields
 + Level 8.4 Evocations


You had 11 spell levels left.
You didn't know any spells.
Your spell library contained the following spells:

 Spells                   Type           Power      Damage    Failure   Level
 Beastly Appendage        Tmut           0%         N/A       100%        1
 Freeze                   Ice            0%         1d3       100%        1
 Magic Dart               Conj           0%         1d3       100%        1
 Necrotise                Necr           0%         1d4       100%        1
 Sting                    Tmut/Pois      0%         1d3       100%        1
 Poisonous Vapours        Pois/Air       0%         N/A       100%        2
 Searing Ray              Conj           0%         2d4       100%        2
 Wereblood                Tmut           0%         N/A       100%        2
 Frozen Ramparts          Ice            0%         1d1       100%        3
 Spider Form              Tmut/Pois      0%         N/A       100%        3
 Stone Arrow              Conj/Erth      0%         3d7       100%        3
 Vampiric Draining        Necr           0%         2d6       100%        3
 Animate Armour           Summ/Erth      0%         N/A       100%        4
 Cause Fear               Hex            0%         N/A       100%        4
 Fulminant Prism          Conj/Hex       0%         3d6       100%        4
 Hailstorm                Conj/Ice       0%         3d3       100%        4
 Leda's Liquefaction      Hex/Erth       0%         N/A       100%        4
 Olgreb's Toxic Radiance  Pois           0%         N/A       100%        4
 Agony                    Necr           0%         N/A       100%        5
 Lee's Rapid Deconstruct  Erth           0%         3d5*      100%        5
 Statue Form              Tmut/Erth      0%         N/A       100%        6
 Dragon Form              Tmut           0%         N/A       100%        7
 Lehudib's Crystal Spear  Conj/Erth      0%         10d2      100%        8
 Dragon's Call            Summ           0%         N/A       100%        9


Dungeon Overview and Level Annotations

Branches:
Dungeon (12/15)            Temple (1/1) D:6            Lair (0/5) D:10
    Orc (0/2) D:11        Ossuary (visited)           IceCv (1/1)

Altars:
Ashenzari
Cheibriados
Dithmenos
Fedhas
Gozag
Hepliaklqana
Kikubaaqudgha
Makhleb
Nemelex Xobeh
Okawaru
Qazlal
Ru
Sif Muna
Trog
Uskayaw
Vehumet
Wu Jian
Xom
Yredelemnul

Shops:
D:8 (   D:11 :

Portals:
Trove: D:11 (show slimy rune of Zot)

Annotations:
IceCv exclusion: ice statue


Innate Abilities, Weirdness & Mutations

You are mostly covered in slimy green scales. (AC +3)
Your demonic aura causes all spilled blood to erupt in flames.


Message History

The ice statue gestures at you. The bolt of cold hits you!!
Your ice beast hits the ice statue but does no damage.
You slash the ice statue!
You melt the ice statue.
The ice statue is lightly damaged.
Your ice beast hits the ice statue but does no damage.
You hit the ice statue.
The ice statue is lightly damaged.
Your ice beast hits the ice statue but does no damage.
The ice statue glitters chillingly in the dim dungeon light.
You feel much better.
Your ice beast hits the ice statue but does no damage.
The ice statue gestures at you. The bolt of cold hits you!!
Okay, then.
As you read the scroll of silence, it crumbles to dust.
A profound silence engulfs you.
Your ice beast completely misses the ice statue.
The ice statue gestures.
You barely miss the ice statue.
The ice statue is lightly damaged.
Your ice beast hits the ice statue.
Your ice beast freezes the ice statue.
The ice statue completely resists.
The ice statue gestures at you. The freezing blast engulfs you!
* * * LOW HITPOINT WARNING * * *
Your ice beast hits the ice statue but does no damage.
The ice statue gestures at you.
The freezing blast engulfs you but does no damage.
You slash the ice statue!
Nothing appears to happen.
The ice statue is moderately damaged.
You hit the ice beast.
The ice beast suddenly seems more agile.
You are engulfed in freezing vapours.
* * * LOW HITPOINT WARNING * * *
You block the ice beast's attack. The ice statue gestures at you.
The freezing blast engulfs you!!
You die...
Your body crumbles into a pile of gold.

##### ##...### #
#......## # .
#..##...## $#.
#...##...### #.###
##..####...####○○.#
#...####...##○8Y#
#....# #..##.Y@#
#∩..####..###☼☼#
##..∩##..####(○#
#####.....#(.##
##.#....## ########
$


You could see an ice statue (unsilenced, ally target), an ice beast (summoned,
agile) and a friendly ice beast (charmed, summoned).

Vanquished Creatures
  Harold (D:10)
  2 hydras
  A catoblepas (D:11)
  4 two-headed ogres (D:10)
  Pikel (D:9)
  An ugly thing (D:12)
  A cyclops (D:10)
  A manticore (D:12)
  Maurice (D:9)
  A gargoyle (D:10)
  2 kobold demonologists
  4 trolls
  A polar bear (D:10)
  A hornet (D:8)
  5 slime creatures
  2 shadows (D:10)
  A wyvern (D:10)
  7 yaks
  A yak (shapeshifter) (D:4)
  3 wraiths
  A vampire (D:9)
  5 steam dragons
  2 wargs (D:10)
  2 acid dragons
  3 water moccasins
  8 orc warriors
  A sky beast (D:3)
  2 ice beasts
  2 wolves (D:10)
  An ogre (D:5)
  5 centaurs
  3 kobold brigands
  A gnoll sergeant (D:10)
  A necrophage (D:4)
  5 bullfrogs
  A two-headed ogre simulacrum (IceCv)
  A scorpion (D:4)
  11 wights
  18 killer bees
  2 howler monkeys
  3 electric eels (D:10)
  2 hounds (D:5)
  5 orc priests
  6 jellies
  Natasha (thrice) (D:3)
  4 iguanas
  12 orc wizards
  A troll simulacrum (IceCv)
  A polar bear simulacrum (IceCv)
  A wolf simulacrum (IceCv)
  2 centaur simulacra (D:10)
  A mummy (Ossuary)
  6 adders
  4 gnolls (D:10)
  A naga simulacrum (IceCv)
  2 shadow imps (D:7)
  14 white imps
  3 ufetubi
  A worm (D:4)
  2 dart slugs
  31 orcs
  7 endoplasms
  4 giant cockroaches
  10 goblins
  6 hobgoblins
  7 jackals
  4 quokkas
  8 ball pythons
  5 bats
  4 frilled lizards
  8 gnoll skeletons (Ossuary)
  17 kobolds
  7 kobold skeletons (Ossuary)
  10 orc skeletons (Ossuary)
  6 rats
324 creatures vanquished.

Vanquished Creatures (others)
  A killer bee (D:8)
  An orc wizard (D:10)
  2 plants (D:10)
4 creatures vanquished.

Grand Total: 328 creatures vanquished

Notes
Turn   | Place    | Note
-------+----------+-------------------------------------------
     0 | D:1      | GorkyZ the Demonspawn Fighter began the quest for the Orb.
     0 | D:1      | Reached XP level 1. HP: 18/18 MP: 1/1
   317 | D:1      | Gained mutation: Your demonic aura sometimes causes spilled
                  | blood to erupt in flames. [demonic ancestry]
   317 | D:1      | Reached XP level 2. HP: 24/24 MP: 2/2
   525 | D:1      | Found a faded altar of an unknown god.
   566 | D:1      | You fall into a shaft and drop 1 floor!
   929 | D:2      | Reached XP level 3. HP: 29/29 MP: 3/3
  1575 | D:3      | Reached skill level 1 in Evocations
  1695 | D:3      | Reached XP level 4. HP: 35/35 MP: 4/4
  1696 | D:3      | Noticed a sky beast
  1706 | D:3      | Killed a sky beast
  1707 | D:3      | Reached skill level 1 in Maces & Flails
  1707 | D:3      | Reached skill level 1 in Throwing
  1707 | D:3      | Gained mutation: Your demonic aura often causes spilled
                  | blood to erupt in flames. [demonic ancestry]
  1707 | D:3      | Reached XP level 5. HP: 41/41 MP: 5/5
  1711 | D:3      | Identified the +7 hand axe "Beetlebane" {chaos, Str+4 SInv}
  1993 | D:3      | Noticed Natasha
  1996 | D:3      | Killed Natasha
  2215 | D:3      | Noticed Natasha
  2223 | D:3      | Killed Natasha
  2448 | D:3      | Noticed Natasha
  2455 | D:3      | Killed Natasha
  2524 | D:4      | Reached skill level 1 in Axes
  2524 | D:4      | Gained mutation: You are partially covered in slimy green
                  | scales. (AC +2) [demonic ancestry]
  2524 | D:4      | Reached XP level 6. HP: 38/48 MP: 6/6
  2946 | D:4      | Noticed a shapeshifter
  2946 | D:4      | a gnoll bouda changed into a shapeshifter
  2946 | D:4      | Noticed a yak
  2946 | D:4      | a shapeshifter changed into a yak
  2948 | D:4      | Killed a yak
  2949 | D:4      | Reached skill level 4 in Fighting
  2998 | D:4      | Reached XP level 7. HP: 21/54 MP: 7/7
  3975 | D:5      | Entered Level 5 of the Dungeon
  4316 | D:5      | Reached XP level 8. HP: 29/61 MP: 8/8
  4938 | D:6      | Found a sand-covered staircase.
  4951 | D:6      | Reached skill level 5 in Fighting
  5119 | Ossuary  | Entered an ossuary
  5595 | D:6      | Reached skill level 5 in Shields
  5634 | D:6      | Reached skill level 5 in Armour
  5647 | D:6      | Gained mutation: You are mostly covered in slimy green
                  | scales. (AC +3) [demonic ancestry]
  5647 | D:6      | Reached XP level 9. HP: 60/69 MP: 7/9
  5829 | D:6      | Found a staircase to the Ecumenical Temple.
  5841 | Temple   | Entered the Ecumenical Temple
  5868 | Temple   | Became a worshipper of Gozag Ym Sagoz the Greedy
  6459 | D:7      | Noticed a kobold demonologist
  6459 | D:7      | Noticed a troll
  6559 | D:7      | Identified a scroll of acquirement
  6559 | D:7      | Acquired 387 gold pieces
  6867 | D:6      | Reached skill level 6 in Fighting
  7146 | D:7      | Reached skill level 5 in Evocations
  7285 | D:7      | Killed a troll
  7286 | D:7      | Reached skill level 5 in Throwing
  7570 | D:7      | Noticed an ice devil
  7570 | D:7      | Killed a kobold demonologist
  7890 | D:7      | Reached XP level 10. HP: 33/77 MP: 6/10
  8556 | D:8      | Reached skill level 5 in Axes
  9428 | D:8      | Found a sacrificial altar of Ru.
  9529 | D:8      | Reached skill level 7 in Fighting
  9756 | D:8      | Bought a glowing hand axe for 168 gold pieces
 10095 | D:9      | Found a flagged portal.
 10202 | D:9      | Noticed Maurice
 10226 | D:9      | Killed Maurice
 10675 | D:9      | Noticed Pikel
 10687 | D:9      | Killed Pikel
 10688 | D:9      | Gained mutation: Your demonic aura causes all spilled blood
                  | to erupt in flames. [demonic ancestry]
 10688 | D:9      | Reached XP level 11. HP: 84/84 MP: 11/11
 10754 | D:9      | Found an ornate altar of the Wu Jian Council.
 10754 | D:9      | Found a burning altar of Makhleb.
 10903 | D:10     | Entered Level 10 of the Dungeon
 10903 | D:10     | Noticed a two-headed ogre
 10914 | D:10     | Killed a two-headed ogre
 11282 | D:10     | Noticed Harold
 11295 | D:10     | Killed Harold
 11302 | D:10     | Noticed a two-headed ogre
 11327 | D:10     | Noticed a two-headed ogre
 11347 | D:10     | Killed a two-headed ogre
 11348 | D:10     | Reached skill level 8 in Fighting
 11350 | D:10     | Killed a two-headed ogre
 11767 | D:10     | Found a staircase to the Lair.
 11787 | D:10     | Noticed a two-headed ogre
 11799 | D:10     | Killed a two-headed ogre
 12802 | D:11     | Found a staircase to the Orcish Mines.
 12806 | D:11     | Noticed a sixfirhy
 12807 | D:11     | Noticed a catoblepas
 12850 | D:11     | Noticed an eight-headed hydra
 12856 | D:10     | Killed a nine-headed hydra
 13162 | D:11     | Noticed a six-headed hydra
 13174 | D:11     | Noticed a boulder beetle
 13177 | D:11     | Killed a nine-headed hydra
 13178 | D:11     | Reached XP level 12. HP: 43/94 MP: 7/12
 13208 | D:10     | Banished a boulder beetle
 13604 | D:11     | Killed a catoblepas
 13827 | D:11     | Found Qoybur's Book Shoppe.
 13871 | D:11     | Found a portal to a secret trove of treasure.
 13871 | D:11     | Identified the +6 sling "Duzyv" {speed, rPois Dex+3}
 14052 | D:12     | Reached skill level 9 in Fighting
 14307 | D:12     | Found a frozen archway.
 14345 | IceCv    | Entered an ice cave
 15183 | IceCv    | Killed from afar by an ice statue

Illustrated notes

Levels and vault maps discovered:
D:1:      dpeg_arrival_line_fractal, layout_basic,
          hellmonk_ecumenical_altar_inner_sanctum
D:2:      layout_basic, hex_medium, kennysheep_path_1
D:3:      layout_loops_ring, uniq_natasha
D:4:      minmay_recursive_quarters, layout_cave_pods,
          amcnicky_mini_corridor_feature
D:5:      layout_rooms, minmay_misc_feat_chi, grunt_decor_junction,
          nrook_mini_backslash
D:6:      layout_basic, minmay_temple_entry_glass, enter_ossuary_1,
          chequers_serial_rivers_large_b
D:7:      layout_cave_pods, kennysheep_another_room, kb_rosetta
D:8:      layout_loops_cross, nicolae_ru_the_path_less_chosen
D:9:      layout_long_grid, nicolae_overflow_two_pavilions, enter_bailey_5,
          chequers_avenue, kennysheep_generic_room_16, uniq_maurice, uniq_pikel
D:10:     layout_loops_cross, erik_lair_orcish_takeover, serial_ice,
          serial_ice_g, serial_ice_c, serial_ice_o, serial_ice_l, serial_ice_m,
          serial_bayou_pond_b, uniq_harold
D:11:     layout_irregular_city, orc_0_dummy, serial_shops, shop_fountains,
          enter_trove_2
D:12:     layout_stronghold, portal_ice_cave_entry_imps, uniq_sonja
Temple:   hellmonk_temple_of_storms
IceCv:    ice_cave_caverns_03

Skill      XL: |  1  2  3  4  5  6  7  8  9 10 11 12 |
---------------+-------------------------------------+-----
Polearms       | 2 |  2.1
Shields        | 3 4 5 6 7 8 |  8.2
Armour         | 3 4 5 6 7 8 |  8.3
Evocations     | 1 2 3 4 5 6 8 |  8.4
Maces & Flails | 1 |  1.2
Throwing       | 1 2 3 4 5 6 7 |  7.8
Axes           | 1 2 3 4 6 7 |  7.5
Fighting       | 4 5 6 7 8 9 |  9.0

Action                   |  1- 3 |  4- 6 |  7- 9 | 10-12 || total
-------------------------+-------+-------+-------+-------++-------
Melee: Trident           |    59 |       |       |       ||    59
       Whip              |    71 |    14 |       |       ||    85
       Hand axe          |       |    61 |   216 |   411 ||   688
Throw: Dart              |       |     4 |     6 |    53 ||    63
       Boomerang         |       |       |       |    45 ||    45
Invok: Call Merchant     |       |       |       |     1 ||     1
       Potion Petition   |       |       |       |     1 ||     1
Evoke: Wand              |       |       |     3 |     4 ||     7
  Use: Scroll            |       |       |    15 |     9 ||    24
       Potion            |       |       |     6 |    17 ||    23
 Stab: Distracted        |       |       |     2 |     3 ||     5
       Confused          |       |       |     1 |       ||     1
       Petrified         |       |       |       |     1 ||     1
       Paralysed         |       |       |       |     1 ||     1
Armor: Scale mail        |    46 |    28 |    22 |       ||    96
       Skin              |       |     2 |       |       ||     2
       Plate armour      |       |       |   125 |   397 ||   522
Dodge: Dodged            |    31 |    14 |    32 |    50 ||   127
Block: Buckler           |     7 |       |       |       ||     7
       Tower shield      |    90 |    56 |   187 |   387 ||   720
